Unix NetHack Version 3.7.0-101 Work-in-progress - last build Mar 4 2024 02:26:32 (3c4ac04b664b9ee0831c739617f054b5b60dbfd1,branch:master). Game began 2024-03-09 09:50:26, ended 2024-03-09 10:08:31. elenmirie, neutral female gnomish Archeologist ---------------- |........^.....| |........^.....| ---------|------ # ### ##### -|--- |...-#######----------- |...| #|.........|## |...| ##|.........|f |...| #|.........|@ |<..| #-.>.......%# ----- #|.........| #|.......`.| #--------+-- ###### Elenmirie the Field Worker St:12 Dx:9 Co:13 In:18 Wi:15 Ch:8 Neutral Dlvl:4 $:5 HP:0(22) Pw:11(11) AC:9 Xp:3/48 T:1297 Latest messages: You hear someone cursing shoplifters. What do you want to write with? [- agkmsvxC or ?*] Never mind. What do you want to eat? [diD or ?*] ? It is not so easy to open this tin. You stop opening the tin. You miss the grid bug. The grid bug bites! You get zapped! You kill the grid bug! What do you want to eat? [diD or ?*] D It is not so easy to open this tin. You succeed in opening the tin. It smells like elves. Eat it? [yn] (n) y You consume homemade elf. What do you want to eat? [di or ?*] ? My, this is a yummy ancient fruitcake! What do you want to eat? [di or ?*] i My, this is a yummy ancient fruitcake! The door resists! The door resists! The door resists! The door resists! The door opens. You kill the gecko! You see here a bag. You carefully open the bag... It develops a huge set of teeth and bites you! F - a bag of tricks. Something is written here in the dust. You read: "a ae?a ium". You find a hidden door. The door opens. You destroy the dwarf zombie! There is an open door here. You see here a dwarf corpse. The dwarf zombie hits! You lash the dwarf zombie. You lash the kitten. The kitten bites! You miss the kitten. The kitten bites! The kitten bites! You die... Do you want your possessions identified? [ynq] (y) y Do you want to see your attributes? [ynq] (y) y Do you want an account of creatures vanquished? [ynaq] (y) y Do you want to see your conduct and achievements? [ynq] (y) y Do you want to see the dungeon overview? [ynq] (y) y Inventory: Coins $ - 5 gold pieces Weapons a - an uncursed +2 bullwhip (weapon in right hand) Armor c - an uncursed +0 fedora (being worn) b - an uncursed +0 leather jacket (being worn) Comestibles d - 4 uncursed food rations Rings v - an uncursed ring of shock resistance Wands m - an uncursed wand of create monster (0:14) k - an uncursed wand of magic missile (0:7) s - an uncursed wand of opening (0:1) Tools w - an uncursed sack containing 6 items F - an uncursed bag of tricks (0:7) n - an uncursed fire horn (0:3) e - an uncursed lock pick C - an uncursed magic marker (0:79) p - an uncursed magic whistle t - an uncursed tinning kit (0:94) x - an uncursed towel r - a cursed wax candle Gems/Stones g - an uncursed touchstone Contents of the sack: 1673 gold pieces an uncursed scroll of create monster 2 uncursed scrolls of identify an uncursed scroll of teleportation 2 uncursed potions of healing an uncursed +0 pick-axe Elenmirie the Archeologist's attributes: Background: You were a Field Worker, a level 3 female gnomish Archeologist. You were neutral, nominally on a mission for Camaxtli who was opposed by Quetzalcoatl (lawful) and Huhetotl (chaotic). You were right-handed. You were in the Dungeons of Doom, on level 4. You entered the dungeon 1297 turns ago. There was a new moon in effect when your adventure ended. You had 48 experience points, 32 more were needed to attain level 4. Basics: You had 0 out of 22 hit points. You had all 11 energy points (spell power). Your armor class was 9. Your wallet contained 5 zorkmids, and you had 1673 more stashed away in your pack. Autopickup was on for '$' plus thrown. Final Characteristics: Your strength was 12 (limit:18/50). Your dexterity was 9 (limit:18). Your constitution was 13 (limit:18). Your intelligence was 18 (limit:19). Your wisdom was 15 (limit:18). Your charisma was 8 (limit:18). Final Status: You weren't hungry. You were unencumbered. You were wielding a whip. You had basic skill with whip. Final Attributes: You were devoutly aligned. You had automatic searching. You had infravision. You are dead. Miscellaneous: You never encountered a bones level. Total elapsed playing time was 18 minutes and 4 seconds. Major events: Turn 1: elenmirie the neutral female gnomish Archeologist entered the dungeon 1216: attained the rank of Field Worker (level 3) 1297: killed by a kitten Vanquished creatures: an elf zombie a kitten a dwarf zombie a coyote 3 gnome zombies 3 geckos 6 jackals a fox a kobold 2 grid bugs 2 lichens a kobold zombie 3 newts 26 creatures vanquished. No species were genocided or became extinct. Voluntary challenges: You were an atheist. You were illiterate. You never engraved Elbereth. You never genocided any monsters. You never polymorphed an object. You never changed form. You used no wishes. Achievements: You entered a shop. You attained the rank of Field Worker. The Dungeons of Doom: levels 1 to 4 Level 1: Level 2: A fountain, a grave. Level 3: Level 4: <- You were here. Final resting place for you, killed by a kitten. Game over: ---------- / \ / REST \ / IN \ / PEACE \ / \ | elenmirie | | 1678 Au | | killed by a | | kitten | | | | | | 2024 | *| * * * | * _________)/\\_//(\/(/\)/\//\/|_)_______ Goodbye elenmirie the Archeologist... You died in The Dungeons of Doom on dungeon level 4 with 1863 points, and 1678 pieces of gold, after 1297 moves. You were level 3 with a maximum of 22 hit points when you died.